 Dungeon Crawl Stone Soup version 0.24.0-37-gcf1ca852f1 (webtiles) character file.

Game seed: 8633888353688520058, levelgen mode: deterministic

1022 FishyPogo the Charmwright (level 8, -5/63 HPs)
             Began as a Gnoll Skald on Dec 8, 2019.
             Was an Initiate of Okawaru.
             Slain by a slave (6 damage)
             ... led by Pikel
             ... on level 5 of the Dungeon.
             The game lasted 00:17:39 (3940 turns).

FishyPogo the Charmwright (Gnoll Skald)             Turns: 3940, Time: 00:17:40

Health: -5/63      AC:  6    Str: 16 (17) XL:     8   Next: 22%
Magic:  8/16       EV: 15    Int: 12 (15) God:    Okawaru [......]
Gold:   174        SH:  0    Dex: 16 (17) Spells: 4/18 levels left

rFire    + . .     SeeInvis +   B - +3 dagger "Cimabu Mees" {holy, rElec rF+ SInv Stlth-}
rCold    . . .     Gourm    .   (no shield)
rNeg     . . .     Faith    .   b - +0 leather armour
rPois    .         Spirit   .   (no helmet)
rElec    +         Reflect  .   (no cloak)
rCorr    .         Harm     .   (no gloves)
MR       .....                  m - +2 pair of boots
Stlth    +.........             (no amulet)
HPRegen  1.20/turn              C - +3 ring of slaying
MPRegen  0.15/turn              f - +3 ring of strength

@: about to teleport, flying, very slightly contaminated, regenerating
A: distributed training, fangs 1, strong nose
a: Renounce Religion


You were on level 5 of the Dungeon.
You worshipped Okawaru.
Okawaru was noncommittal.
You were not hungry.

You visited 2 branches of the dungeon, and saw 7 of its levels.

You collected 349 gold pieces.
You spent 175 gold pieces at shops.

Inventory:

Hand Weapons
 a - a +0 falchion
 B - the +3 dagger "Cimabu Mees" (weapon) {holy, rElec rF+ SInv Stlth-}
   (You bought it in a shop on level 4 of the Dungeon)

   It has been blessed by the Shining One to cause great damage to the undead
   and demons.
   It protects you from fire.
   It insulates you from electricity.
   It lets you see invisible.
   It makes you less stealthy.
Missiles
 c - 153 stones (quivered)
 x - 6 boomerangs
 z - 23 poisoned darts
Armour
 b - a +0 leather armour (worn)
 m - a +2 pair of boots (worn)
Jewellery
 f - a +3 ring of strength (right hand)
 q - an uncursed ring of magical power
 C - a +3 ring of slaying (left hand)
 E - a +4 ring of intelligence
Wands
 A - a wand of random effects (13)
Scrolls
 h - 4 scrolls of identify {unknown}
 j - 2 scrolls of immolation {unknown}
 l - a scroll of blinking {unknown}
 n - a scroll of remove curse {unknown}
 p - 2 scrolls of magic mapping {unknown}
 w - 2 scrolls of teleportation
Potions
 e - 2 potions of might {unknown}
 i - a potion of cancellation {unknown}
 k - 2 potions of haste {unknown}
 r - a potion of degeneration
 s - 2 potions of heal wounds {unknown}
 t - a potion of berserk rage
 u - a potion of brilliance {unknown}
 v - a potion of flight
 D - a potion of curing {unknown}
Comestibles
 d - 5 rations


   Skills:
 + Level 5.5 Fighting
 + Level 3.0 Short Blades
 + Level 5.5 Long Blades
 + Level 3.0 Axes
 + Level 3.0 Maces & Flails
 + Level 3.0 Polearms
 + Level 3.0 Staves
 + Level 3.0 Slings
 + Level 3.0 Bows
 + Level 3.0 Crossbows
 + Level 3.0 Throwing
 + Level 4.0 Armour
 + Level 5.5 Dodging
 + Level 3.0 Stealth
 + Level 3.0 Shields
 + Level 3.0 Unarmed Combat
 + Level 5.9 Spellcasting
 + Level 2.4 Conjurations
 + Level 2.4 Hexes
 + Level 6.0 Charms
 + Level 2.4 Summonings
 + Level 2.4 Necromancy
 + Level 2.4 Translocations
 + Level 2.4 Transmutations
 + Level 2.4 Fire Magic
 + Level 2.4 Ice Magic
 + Level 2.4 Air Magic
 + Level 2.4 Earth Magic
 + Level 2.4 Poison Magic
 + Level 3.3 Invocations
 + Level 3.0 Evocations


You had 4 spell levels left.
You knew the following spells:

 Your Spells              Type           Power        Failure   Level  Hunger
h - Regeneration          Chrm/Necr      ##........   12%         3    ###....
k - Tukima's Dance        Hex            #.......     24%         3    ###....
n - Spectral Weapon       Hex/Chrm       ##......     12%         3    ###....
p - Shroud of Golubria    Chrm/Tloc      ##....       6%          2    ##.....
u - Song of Slaying       Chrm           ###.....     2%          2    ##.....
y - Infusion              Chrm           ###.         1%          1    None

Your spell library contained the following spells:

 Spells                   Type           Power        Failure   Level  Hunger
 Animate Skeleton         Necr           N/A          8%          1    None
 Apportation              Tloc           #.....       8%          1    None
 Confusing Touch          Hex            #.....       8%          1    None
 Corona                   Hex            #......      8%          1    None
 Summon Small Mammal      Summ           #...         8%          1    None
 Ensorcelled Hibernation  Hex/Ice        #.....       12%         2    ##.....
 Confuse                  Hex            #.......     24%         3    ###....
 Dazzling Spray           Conj/Hex       #.....       24%         3    ###....


Dungeon Overview and Level Annotations

Branches:
Dungeon (6/15)             Temple (1/1) D:5

Altars:
Ashenzari
Cheibriados
Elyvilon
Fedhas
Gozag
Kikubaaqudgha
Makhleb
Nemelex Xobeh
Okawaru
Qazlal
Ru
Sif Muna
Uskayaw
Wu Jian
Xom
The Shining One

Shops:
D:4 (%:   D:5 *

Annotations:
D:5 Pikel


Innate Abilities, Weirdness & Mutations

Your experience applies equally to all skills.
You have very sharp teeth.
Your uncanny sense of smell can sniff out nearby items.


Message History

As you read the scroll labeled NUN CUHAEP, it crumbles to dust.
You feel strangely unstable.
It was a scroll of teleportation.
Pikel hits you but does no damage. The slave misses you.
It was a potion of degeneration.
There was something very wrong with that liquid.
You feel weakened.
You feel dopey.
You feel clumsy.
Pikel hits you with a +0 whip of flaming!
* * * LOW HITPOINT WARNING * * *
Pikel burns you.
* * * LOW HITPOINT WARNING * * *
The slave misses you. Pikel barely misses you.
It was a potion of flight.
You feel very buoyant.
You fly up into the air.
Pikel hits you with a +0 whip of flaming.
* * * LOW HITPOINT WARNING * * *
Pikel burns you.
* * * LOW HITPOINT WARNING * * *
The slave hits you.
You die...

###.......>##≈≈≈.≈≈≈# #..#
#.#
.#.#######.##≈≈≈.≈≈≈#####.##
#.#
#.#.######.##≈#≈.≈#≈#.....#
#.#
###........##≈≈≈.≈≈≈#####[#
##.# ###.######).#.......#
#.# #...
....................# #.#
#... .......###.##########
#.# #...
.......###.########## #.#
#### ..............pK@p(.#
#.# ...#........#######(#
#.####### ...#...###.## #.#
##.#...... .###...###.## #.#
#...)..... ............# #.#
##.....### ........##..# #.#
#.###.### ..8..#..<...###
#.# #.# #....
#...##.....)..#
#.#####.###.###
######...)###.#
#.##........#


You could see Pikel (berserk), 2 slaves and a friendly spectral +3 dagger
"Cimabu Mees" {holy, rElec rF+ SInv Stlth-}.

Vanquished Creatures
  Prince Ribbit (D:5)
  An ice beast (D:4)
  A phantom (D:5)
  An ogre (D:5)
  A centaur (D:5)
  A howler monkey (D:4)
  2 crimson imps (D:5)
  A hound (D:4)
  An orc priest (D:4)
  2 orc wizards
  2 worker ants (D:5)
  A hound skeleton (D:4)
  3 gnolls (D:4)
  6 adders
  An ooze (D:3)
  An adder skeleton (D:4)
  2 worms
  5 dart slugs
  2 leopard geckos
  13 orcs
  5 ball pythons
  5 giant cockroaches
  3 goblins
  4 hobgoblins
  16 kobolds
  2 quokkas
  2 bats (D:2)
  3 frilled lizards
  A jackal zombie (D:5)
  9 rats
98 creatures vanquished.

Vanquished Creatures (others)
  2 spectral weapons
2 creatures vanquished.

Grand Total: 100 creatures vanquished

Notes
Turn   | Place    | Note
-------+----------+-------------------------------------------
     0 | D:1      | FishyPogo the Gnoll Skald began the quest for the Orb.
     0 | D:1      | Reached XP level 1. HP: 20/20 MP: 6/6
   119 | D:1      | Reached XP level 2. HP: 15/26 MP: 3/7
   123 | D:1      | Learned a level 2 spell: Song of Slaying
   126 | D:1      | Learned a level 2 spell: Shroud of Golubria
   406 | D:1      | Reached XP level 3. HP: 26/31 MP: 1/9
   574 | D:1      | Reached skill level 5 in Spellcasting
   827 | D:2      | Learned a level 3 spell: Regeneration
   831 | D:2      | Learned a level 3 spell: Spectral Weapon
   840 | D:2      | Reached skill level 1 in Invocations
   895 | D:3      | Reached skill level 1 in Short Blades
   895 | D:3      | Reached skill level 1 in Axes
   895 | D:3      | Reached skill level 1 in Maces & Flails
   895 | D:3      | Reached skill level 1 in Polearms
   895 | D:3      | Reached skill level 1 in Staves
   895 | D:3      | Reached skill level 1 in Slings
   895 | D:3      | Reached skill level 1 in Bows
   895 | D:3      | Reached skill level 1 in Crossbows
   895 | D:3      | Reached skill level 1 in Throwing
   895 | D:3      | Reached skill level 1 in Stealth
   895 | D:3      | Reached skill level 1 in Shields
   895 | D:3      | Reached skill level 1 in Unarmed Combat
   895 | D:3      | Reached skill level 1 in Evocations
   960 | D:3      | Reached XP level 4. HP: 38/38 MP: 11/11
  1159 | D:3      | Reached skill level 1 in Conjurations
  1159 | D:3      | Reached skill level 1 in Hexes
  1159 | D:3      | Reached skill level 1 in Summonings
  1159 | D:3      | Reached skill level 1 in Necromancy
  1159 | D:3      | Reached skill level 1 in Translocations
  1159 | D:3      | Reached skill level 1 in Transmutations
  1159 | D:3      | Reached skill level 1 in Fire Magic
  1159 | D:3      | Reached skill level 1 in Ice Magic
  1159 | D:3      | Reached skill level 1 in Air Magic
  1159 | D:3      | Reached skill level 1 in Earth Magic
  1159 | D:3      | Reached skill level 1 in Poison Magic
  1233 | D:2      | Found a shattered altar of Ashenzari.
  1233 | D:2      | Found a sacrificial altar of Ru.
  1307 | D:2      | Found a blossoming altar of Fedhas.
  1316 | D:2      | Reached XP level 5. HP: 39/43 MP: 12/12
  1931 | D:4      | Noticed an ice beast
  2007 | D:4      | Found Cukaimui's Food Emporium.
  2040 | D:4      | Found a glowing golden altar of the Shining One.
  2138 | D:4      | Reached XP level 6. HP: 27/50 MP: 13/13
  2158 | D:4      | Learned a level 3 spell: Tukima's Dance
  2198 | D:4      | Found Iluffus's Book Shop.
  2281 | D:4      | Killed an ice beast
  2281 | D:4      | Reached skill level 5 in Fighting
  2281 | D:4      | Reached skill level 5 in Long Blades
  2281 | D:4      | Reached skill level 5 in Dodging
  2562 | D:4      | Found Iruthros's Antique Weapon Emporium.
  2751 | D:4      | Reached XP level 7. HP: 41/56 MP: 15/15
  2869 | D:4      | Bought an encrusted dagger for 175 gold pieces
  2869 | D:4      | Identified the +3 dagger "Cimabu Mees" {holy, rElec rF+
                  | SInv Stlth-} (You bought it in a shop on level 4 of the
                  | Dungeon)
  2908 | D:5      | Entered Level 5 of the Dungeon
  3052 | D:5      | Noticed Prince Ribbit
  3075 | D:5      | Killed Prince Ribbit
  3099 | D:5      | Found Kutyi's Mass Market.
  3153 | D:5      | Found a staircase to the Ecumenical Temple.
  3157 | Temple   | Entered the Ecumenical Temple
  3276 | Temple   | Became a worshipper of Warmaster Okawaru
  3348 | D:5      | Reached XP level 8. HP: 63/63 MP: 16/16
  3363 | D:5      | Found a shimmering altar of Xom.
  3363 | D:5      | Found a burning altar of Makhleb.
  3370 | D:5      | Paralysed by a crimson imp for 6 turns
  3387 | D:5      | Reached skill level 6 in Charms
  3802 | D:5      | Found a snail-covered altar of Cheibriados.
  3928 | D:6      | Noticed Pikel
  3940 | D:5      | HP: 2/63 [Pikel/+0 whip of flaming (4)]
  3940 | D:5      | Slain by a slave

Levels and vault maps discovered:
D:1:      evilmike_arrival_run_for_it, layout_rooms, kennysheep_crisscross,
          minmay_misc_feat_alley, st_stairs_6, patterned_corridor
D:2:      layout_basic, nicolae_overflow_hidden_temple, lemuel_crystal_altar
D:3:      layout_basic, first_ration, minmay_misc_feat_rows,
          minmay_misc_feat_square
D:4:      layout_gridville, nicolae_overflow_crystal_walls, serial_shops,
          nicolae_shop_stone, nicolae_shop_trees, nicolae_shop_trees,
          kennysheep_generic_room_4
D:5:      layout_loops_ring, grunt_temple_overflow_champion_of_chaos,
          kennysheep_slug_shrine, temple_hall_moat, minmay_misc_feat_columns,
          mrwooster_statue_mirror, minmay_shop_mass,
          chequers_serial_rivers_micro_e, uniq_prince_ribbit1
D:6:      layout_rooms, portal_sewer_entry_a, uniq_pikel
Temple:   nicolae_temple_figure_zero

Skill      XL: |  1  2  3  4  5  6  7  8 |
---------------+-------------------------+-----
Spellcasting   | 5 |  5.9
Invocations    | 1 2 3 |  3.3
Short Blades   | 1 2 3 |  3.0
Axes           | 1 2 3 |  3.0
Maces & Flails | 1 2 3 |  3.0
Polearms       | 1 2 3 |  3.0
Staves         | 1 2 3 |  3.0
Slings         | 1 2 3 |  3.0
Bows           | 1 2 3 |  3.0
Crossbows      | 1 2 3 |  3.0
Throwing       | 1 2 3 |  3.0
Stealth        | 1 2 3 |  3.0
Shields        | 1 2 3 |  3.0
Unarmed Combat | 1 2 3 |  3.0
Evocations     | 1 2 3 |  3.0
Conjurations   | 1 2 |  2.4
Hexes          | 1 2 |  2.4
Summonings     | 1 2 |  2.4
Necromancy     | 1 2 |  2.4
Translocations | 1 2 |  2.4
Transmutations | 1 2 |  2.4
Fire Magic     | 1 2 |  2.4
Ice Magic      | 1 2 |  2.4
Air Magic      | 1 2 |  2.4
Earth Magic    | 1 2 |  2.4
Poison Magic   | 1 2 |  2.4
Armour         | 3 4 |  4.0
Fighting       | 5 |  5.5
Long Blades    | 5 |  5.5
Dodging        | 5 |  5.5
Charms         | 6 |  6.0

Action                   |  1- 3 |  4- 6 |  7- 9 || total
-------------------------+-------+-------+-------++-------
Melee: Falchion          |    89 |   169 |     8 ||   266
       Bite              |    10 |    20 |     9 ||    39
       Punch             |       |     2 |       ||     2
       Dagger            |       |       |    70 ||    70
Throw: Stone             |     5 |     6 |       ||    11
 Cast: Infusion          |     4 |     2 |     4 ||    10
       Shroud of Golubri |     3 |     3 |     3 ||     9
       Spectral Weapon   |     2 |     6 |     9 ||    17
       Song of Slaying   |     1 |     1 |     1 ||     3
       Regeneration      |       |     2 |     5 ||     7
       Tukima's Dance    |       |       |     1 ||     1
  Use: Scroll            |       |       |     3 ||     3
       Potion            |       |       |     2 ||     2
 Stab: Distracted        |       |     1 |     1 ||     2
  Eat: Chunk             |     1 |     6 |     2 ||     9
       Ration            |       |       |     1 ||     1
Armor: Leather armour    |    27 |    57 |    17 ||   101
Dodge: Dodged            |    73 |   129 |    47 ||   249
       Rpst.: Falchion   |    15 |    35 |     1 ||    51
